 Dungeon Crawl Stone Soup version 0.16.1-28-gcc2312f (webtiles) character file.

826 Woebin the Covert (level 7, -2/51 HPs)
             Began as a Vampire Assassin on May 25, 2015.
             Was a Follower of Dithmenos.
             Shot with an arrow by a centaur (13 damage)
             ... on level 6 of the Dungeon.
             The game lasted 00:22:04 (5189 turns).

Woebin the Covert (Vampire Assassin)                Turns: 5189, Time: 00:22:05

Health: -2/51      AC:  5    Str: 10    XL:     7   Next: 64%
Magic:  16/16      EV: 14    Int: 13    God:    Dithmenos [*.....]
Gold:   309        SH:  0    Dex: 17    Spells: 0 memorised, 6 levels left

rFire  . . .     SeeInvis +     b - +0 blowgun
rCold  + + .     Clarity  .     q - +0 leather armour
rNeg   + + +     SustAb   .     (no shield)
rPois  +         Gourm    .     v - +0 helmet (curse)
rElec  .         Spirit   .     d - +0 cloak
rCorr  .         Warding  +     (no gloves)
rMut   .         Stasis   .     (no boots)
MR     .....                    m - amulet of warding
Stlth  ++++++....               (no ring)
                                h - ring of magical power

@: regenerating slowly, wreathed by umbra, not resistant to hostile
enchantments, very stealthy
A: bottle blood, fangs 3, see invisible, unbreathing
a: Bat Form, Renounce Religion


You were on level 6 of the Dungeon.
You worshipped Dithmenos.
Dithmenos was aware of your devotion.
You were near bloodless.

You visited 1 branch of the dungeon, and saw 6 of its levels.
You also visited: Sewer.

You collected 309 gold pieces.

Inventory:

Hand weapons
 a - a +2 dagger
 b - a +0 blowgun (weapon)
 l - a +2 spear of venom
 w - a +0 great sword
 G - a +0 shortbow
 K - a +4 short sword of draining
Missiles
 e - 16 poisoned needles (quivered)
 f - 2 curare-tipped needles
 u - a throwing net
 H - 13 arrows
Armour
 c - a +0 robe
 d - a +0 cloak (worn)
 q - a +0 leather armour (worn)
 v - a cursed +0 helmet (worn)
 I - the +6 large shield "Fidy" {rElec rF+ Dex-3}
   (You found it on level 5 of the Dungeon)

   It affects your dexterity (-3).
   It protects you from fire.
   It insulates you from electricity.
Jewellery
 h - a ring of magical power (left hand)
 m - an amulet of warding (around neck)
Scrolls
 g - a scroll of fog {unknown}
 i - 3 scrolls of recharging
 t - a scroll of enchant armour {unknown}
 y - a scroll of blinking {unknown}
 A - a scroll of vulnerability {unknown}
 C - 3 scrolls of teleportation {unknown}
 D - a scroll of fear {unknown}
 J - 4 scrolls of identify
 L - a scroll of amnesia {unknown}
 M - a scroll of noise {unknown}
Potions
 j - a potion of ambrosia {unknown}
 k - a potion of agility
 n - 5 potions of haste
 o - 2 potions of curing
 p - 2 potions of cancellation
 s - 4 potions of brilliance {unknown}
 x - a potion of poison {unknown}
 z - 4 potions of heal wounds {unknown}
 B - 2 potions of might {unknown}
 E - a potion of magic {unknown}
 F - 2 potions of restore abilities {unknown}
Miscellaneous
 r - a plain deck of destruction {the Orb, drawn: 1}


   Skills:
 + Level 2.9 Fighting
 + Level 3.6(3.7) Short Blades
 + Level 1.0(2.2) Long Blades
 + Level 0.1 Polearms
 - Level 2.0 Throwing
 + Level 1.7 Armour
 + Level 4.5 Dodging
 + Level 10.4 Stealth
 + Level 0.2 Evocations


You had 6 spell levels left.
You didn't know any spells.

Dungeon Overview and Level Annotations

Branches:
Dungeon (6/15)
 Temple: D:4-7

Altars:
Ashenzari
Dithmenos
Gozag
Nemelex Xobeh


Innate Abilities, Weirdness & Mutations

You heal slowly.
You can bottle blood from corpses.
You have razor-sharp teeth.
You have supernaturally acute eyesight.
You can survive without breathing.


Message History

You shoot a poisoned needle.
The poisoned needle hits the goliath beetle!
The goliath beetle is poisoned.
A hobgoblin comes into view. It is wielding a club.
The hobgoblin shouts!
The goliath beetle looks more healthy.
There is a stone staircase leading down here.
The orc priest mumbles some strange prayers to Beogh against you.
Something smites you!
Found a stone staircase leading up.
A centaur comes into view.
Found a bread ration.
You found a teleport trap!
The centaur shouts!
The centaur wields a shortbow.
The centaur shoots an arrow.
The arrow hits you!
* * * LOW HITPOINT WARNING * * *
The teleport trap disappears.
The hobgoblin disappears!
You see here an arrow.
The centaur shoots an arrow.
The arrow hits you!
You die...

..>...........#..#..
...##.......#.#..#
...###.......^#..#
...###........#..###.
.....#......).#......
###...............#
#....##........###
..................#
#..........ยง.(@S.#
.....#..........#
###............#
..............#
....<........#
....c..%....#
...........#
.........# ..###


You could see a water moccasin (wandering) and a centaur.

Vanquished Creatures
  A sky beast (D:5)
  An ogre (D:4)
  A centaur (D:5)
  3 big kobolds (Sewer)
  A crimson imp (D:5)
  An orc priest (D:6)
  3 gnolls (D:6)
  10 adders
  2 river rats (Sewer)
  2 giant mites
  7 worms
  An adder skeleton (D:6)
  A giant gecko (D:1)
  An ooze (Sewer)
  8 orcs
  8 bats
  8 giant cockroaches
  11 goblins
  12 hobgoblins
  4 jackals (D:3)
  2 quokkas
  4 ball pythons
  7 giant newts
  20 kobolds
  5 rats
124 creatures vanquished.

Notes
Turn   | Place    | Note
--------------------------------------------------------------
     0 | D:1      | Woebin, the Vampire Assassin, began the quest for the Orb.
     0 | D:1      | Reached XP level 1. HP: 16/16 MP: 1/1
    66 | D:1      | Reached skill level 6 in Stealth
   209 | D:1      | Reached XP level 2. HP: 22/22 MP: 2/2
   815 | D:2      | Reached skill level 7 in Stealth
   815 | D:2      | Reached XP level 3. HP: 20/27 MP: 3/3
  1173 | D:2      | Found a sparkling altar of Nemelex Xobeh.
  1299 | D:2      | Reached XP level 4. HP: 33/33 MP: 4/4
  1535 | D:3      | Reached skill level 8 in Stealth
  2122 | D:3      | Found an opulent altar of Gozag.
  2249 | D:4      | Noticed an ogre
  2257 | D:4      | Killed an ogre
  2257 | D:4      | Reached XP level 5. HP: 38/38 MP: 5/5
  2656 | D:4      | Found a shattered altar of Ashenzari.
  2931 | D:4      | Found a shadowy altar of Dithmenos.
  2965 | D:4      | Became a worshipper of Dithmenos the Shadowed
  3279 | D:5      | Entered Level 5 of the Dungeon
  3347 | D:5      | Reached skill level 9 in Stealth
  3356 | D:5      | Found a glowing drain.
  3360 | Sewer    | Entered a sewer
  3379 | Sewer    | Reached XP level 6. HP: 38/46 MP: 6/6
  3651 | Sewer    | Reached skill level 1 in Armour
  3893 | Sewer    | Reached XP level 7. HP: 45/51 MP: 7/7
  4165 | D:5      | Noticed a centaur
  4174 | D:5      | Killed a centaur
  4206 | D:5      | Got a faintly glowing large shield
  4212 | D:5      | Identified the +6 large shield "Fidy" {rElec rF+ Dex-3} (You found it on level 5 of the Dungeon)
  4298 | D:5      | Reached skill level 10 in Stealth
  5156 | D:6      | Reached skill level 1 in Long Blades
  5189 | D:6      | Shot with an arrow by a centaur

Action                   |  1- 3 |  4- 6 |  7- 9 || total
-------------------------+-------+-------+-------++-------
Melee: Dagger            |    20 |    47 |    19 ||    86
       Short sword       |    32 |   137 |    13 ||   182
       Spear             |     6 |       |       ||     6
       Great sword       |       |       |    41 ||    41
 Fire: Blowgun           |    11 |    17 |     1 ||    29
Evoke: Deck              |     1 |       |       ||     1
  Use: Scroll            |       |     7 |       ||     7
       Potion            |       |     1 |       ||     1
 Stab: Sleeping          |     6 |    18 |    10 ||    34
       Distracted        |       |     1 |       ||     1
  Eat: Corpse            |       |     1 |     1 ||     2
